[Event "Titled Tuesday Blitz May 23 Early 2023"]
[White "bubeliang"]
[Black "lluiss"]
[WhiteElo "2593"]
[BlackElo "2280"]
[Result "1-0"]
[Round "01"]
[TimeControl "180+2"]
[Date "2023.05.23"]
[WhiteClock "0:01:05"]
[BlackClock "0:00:17"]

1. e4 c5 2. c3 d5 3. exd5 Qxd5 4. d4 Nf6 5. Nf3 Bg4 6. dxc5 Qxd1+ 7. Kxd1 Nc6 8. b4 O-O-O+ 9. Kc2 e6 10. Be3 Nd5 11. Nbd2 Nxe3+ 12. fxe3 Be7 13. Bb5 Bf6 14. Bxc6 bxc6 15. Rad1 Bf5+ 16. e4 Bg6 17. Kb3 Rd3 18. e5 Be7 19. Nc4 Rhd8 20. Nd6+ Kc7 21. Rxd3 Bxd3 22. Nxf7 Rf8 23. N7g5 Bxg5 24. Nxg5 Rf2 25. Nxe6+ Kd7 26. Nd4 Rxg2 27. e6+ Kc7 28. Re1 Bg6 29. e7 Kd7 30. Nf5 Rxh2 31. Nxg7 Bf7+ 32. c4 Rh3+ 33. Ka4 Be8 34. Rd1+ Kxe7 35. Re1+ Kf7 36. Nxe8 Rh2 37. Nd6+ Kf6 38. a3 h5 39. b5 cxb5+ 40. cxb5 Rh4+ 41. Re4 Rxe4+ 42. Nxe4+ Ke5 43. c6 1-0


[Site "https://www.chess.com"]

[Event "Titled Tuesday Blitz May 23 Early 2023"]
[White "Leschinsky, Gary"]
[Black "djokovic74"]
[WhiteFideId "30951321"]
[WhiteElo "1855"]
[BlackElo "2593"]
[Result "0-1"]
[Round "01"]
[TimeControl "180+2"]
[Date "2023.05.23"]
[WhiteClock "0:00:13"]
[BlackClock "0:00:17"]

1. d4 e6 2. c4 Nf6 3. Nc3 Bb4 4. e3 O-O 5. Bd2 b6 6. Bd3 Bb7 7. Nf3 d5 8. cxd5 exd5 9. O-O Nbd7 10. Qc2 a6 11. Ne5 Re8 12. f4 c5 13. a3 Bxc3 14. Bxc3 Ne4 15. Bxe4 dxe4 16. Nxd7 Qxd7 17. dxc5 bxc5 18. Rad1 Qe7 19. Ba5 Bc6 20. Bb6 Bb5 21. Bxc5 Rac8 22. b4 Bxf1 23. Rxf1 Qb7 24. Rd1 Red8 25. Rxd8+ Rxd8 26. h3 h6 27. Bd4 Rc8 28. Bc5 Qd5 29. Qe2 Rc6 30. Qg4 Rg6 31. Qc8+ Kh7 32. Bd4 f5 33. Qc2 Rc6 34. Qe2 Rg6 35. Kh2 Qe6 36. Kh1 Qb3 37. Qh5 Qb1+ 38. Kh2 Qf1 39. g4 Qf2+ 40. Kh1 Qf1+ 41. Kh2 fxg4 42. hxg4 Qf2+ 43. Kh3 Qf3+ 44. Kh2 Rxg4 45. Qf5+ Rg6 0-1


[Site "https://www.chess.com"]

[Event "Titled Tuesday Blitz May 23 Early 2023"]
[White "Erzhanov, Arman"]
[Black "Dilmukhametov, Artur"]
[WhiteFideId "4138821"]
[BlackFideId "24179922"]
[WhiteElo "2138"]
[BlackElo "2242"]
[Result "1-0"]
[Round "01"]
[TimeControl "180+2"]
[Date "2023.05.23"]
[WhiteClock "0:01:19"]
[BlackClock "0:01:30"]

1. e4 e6 2. b3 d5 3. Bb2 c5 4. exd5 exd5 5. Nf3 Nf6 6. Bb5+ Nc6 7. O-O Bd6 8. Re1+ Be6 9. d4 cxd4 10. Nxd4 Qd7 11. Nd2 O-O 12. Nxc6 bxc6 13. Bxf6 gxf6 14. Bd3 Kh8 15. Qh5 f5 16. Re3 Rg8 17. Rh3 Rg7 18. Nf3 Rag8 19. Ng5 f6 20. Nxe6 Qxe6 21. Bxf5 Qe7 22. Kf1 Be5 23. Re1 Qb7 24. Bd3 c5 25. Rxe5 fxe5 26. Qxe5 Qf7 27. Rxh7# 1-0


[Site "https://www.chess.com"]

[Event "Titled Tuesday Blitz May 23 Early 2023"]
[White "Wimalasuriya, Kasun M."]
[Black "Lorenzo De La Riva, Lazaro"]
[WhiteFideId "9906789"]
[BlackFideId "2268809"]
[WhiteElo "2270"]
[BlackElo "2294"]
[Result "1-0"]
[Round "01"]
[TimeControl "180+2"]
[Date "2023.05.23"]
[WhiteClock "0:00:11"]
[BlackClock "0:00:04"]

1. d4 Nf6 2. Nf3 d5 3. g3 e6 4. Bg2 Be7 5. O-O O-O 6. c4 dxc4 7. Ne5 Nc6 8. Nxc6 bxc6 9. Bxc6 Rb8 10. e3 Bb7 11. Bxb7 Rxb7 12. Nd2 Qd5 13. Qc2 Qh5 14. Kg2 Nd5 15. Qxc4 Rb4 16. Qc2 Qe2 17. Qe4 Bg5 18. Qf3 Qd3 19. a3 Rb6 20. Ne4 Bh6 21. Nc5 Qb5 22. b4 Re8 23. e4 Bxc1 24. Raxc1 Nf6 25. Rfd1 a5 26. Rb1 a4 27. Rbc1 c6 28. Rc3 h6 29. Rdc1 Nh7 30. Nd7 Ng5 31. Qe3 Rb7 32. Ne5 Rc7 33. Rc5 Qb7 34. h4 Nh7 35. Rxc6 Rxc6 36. Rxc6 Nf6 37. f3 Nd7 38. Qc3 Nf6 39. Rc7 Qa6 40. Qc4 Qxc4 41. Rxc4 Rd8 42. Kf2 Ne8 43. Ke3 Nd6 44. Rc7 f6 45. Nc4 Nb5 46. Rc6 Nxd4 47. Ra6 Nc2+ 48. Kf4 e5+ 49. Kg4 Nd4 50. Rxa4 g6 51. h5 gxh5+ 52. Kxh5 Nxf3 53. Kxh6 Ng5 54. Kg6 Rf8 55. Nd6 Ne6 56. Kf5 Nd4+ 57. Kg6 Ne6 58. Ra7 Nd8 59. Nf5 Ne6 60. Ne7+ Kh8 61. Nf5 Kg8 62. Nh6+ Kh8 63. Nf7+ Kg8 64. Nh6+ Kh8 65. Rh7# 1-0


[Site "https://www.chess.com"]

[Event "Titled Tuesday Blitz May 23 Early 2023"]
[White "hakanazeri2"]
[Black "Alhadad, Mahmoud"]
[BlackFideId "11501863"]
[WhiteElo "2589"]
[BlackElo "1955"]
[Result "1-0"]
[Round "01"]
[TimeControl "180+2"]
[Date "2023.05.23"]
[WhiteClock "0:00:14"]
[BlackClock "0:00:03"]

1. c4 e5 2. Nc3 Nc6 3. e3 f5 4. d4 d6 5. Nf3 e4 6. Nd2 Nf6 7. b3 g6 8. Bb2 Bg7 9. Be2 O-O 10. O-O Ne7 11. f3 exf3 12. Bxf3 Rb8 13. e4 fxe4 14. Ndxe4 Nxe4 15. Nxe4 b6 16. Qe2 Nf5 17. Rad1 Bb7 18. Rfe1 Bxe4 19. Bxe4 Qh4 20. Bxf5 Rxf5 21. d5 Bxb2 22. Qxb2 Rbf8 23. Re2 Qf4 24. h3 a5 25. Re7 Qf2+ 26. Qxf2 Rxf2 27. Rxc7 Rxa2 28. Re1 Rff2 29. Re8+ Rf8 30. Rxf8+ Kxf8 31. Rc6 Rb2 32. Rxb6 a4 33. Rxd6 axb3 34. Rb6 Rc2 35. d6 Rxc4 36. Rb8+ Kf7 37. d7 b2 38. d8=Q Rc1+ 39. Kh2 b1=Q 40. Rxb1 Rxb1 41. Qd7+ Kf6 42. Qxh7 Kg5 43. Qe7+ Kh6 44. g4 Rb2+ 45. Kg3 Rb3+ 46. Kh4 Rb5 47. g5+ Rxg5 48. Qxg5+ Kh7 49. Qf6 Kg8 50. Kg5 Kh7 51. Qe7+ Kh8 52. Kxg6 Kg8 53. Qd8# 1-0


[Site "https://www.chess.com"]

[Event "Titled Tuesday Blitz May 23 Early 2023"]
[White "Estremera Panos, Sergio"]
[Black "Nikologorskiy, Konstantin"]
[WhiteFideId "2200864"]
[BlackFideId "24111708"]
[WhiteElo "2253"]
[BlackElo "2273"]
[Result "1-0"]
[Round "01"]
[TimeControl "180+2"]
[Date "2023.05.23"]
[WhiteClock "0:00:54"]
[BlackClock "0:01:04"]

1. d4 Nf6 2. c4 e6 3. Nc3 Bb4 4. e3 O-O 5. Bd3 d5 6. a3 Bd6 7. c5 Be7 8. b4 b6 9. Nf3 a5 10. Bd2 c6 11. O-O Ba6 12. Qe2 Bxd3 13. Qxd3 Nbd7 14. Rfb1 Qc7 15. h3 bxc5 16. bxc5 e5 17. Qc2 e4 18. Ne1 Nh5 19. Rb3 f5 20. Rab1 Rab8 21. Qb2 f4 22. Rb7 fxe3 23. Bxe3 Qc8 24. Na4 Nf4 25. Rxb8 Qxb8 26. Qxb8 Ne2+ 27. Kf1 Nxb8 28. Kxe2 Nd7 29. Rb7 Rd8 30. Nb6 Nxb6 31. cxb6 Bxa3 32. Ra7 Bb4 33. b7 Rb8 34. Ra8 Bd6 35. g3 Kf7 36. Rxb8 Bxb8 37. Bf4 Ba7 38. b8=Q Bxb8 39. Bxb8 Ke6 40. Ba7 g6 41. Bc5 Kd7 42. Nc2 Kc7 43. f3 Kb7 44. fxe4 dxe4 45. Ke3 Ka6 46. Kxe4 Kb5 47. Ke5 Kc4 48. Na3+ Kd3 49. Kd6 Ke4 50. Kxc6 Kf3 51. d5 Kxg3 52. d6 Kxh3 53. d7 g5 54. d8=Q g4 55. Qh8 g3 56. Qxh7+ Kg2 57. Qe4+ Kh2 58. Qe2+ Kh3 59. Qf1+ g2 60. Qg1 a4 61. Kd5 Kg3 62. Ke4 Kh3 63. Kf3 Kh4 64. Qxg2 Kh5 65. Kf4 Kh6 66. Kf5 Kh7 67. Kf6 Kh8 1-0


[Site "https://www.chess.com"]

[Event "Titled Tuesday Blitz May 23 Early 2023"]
[White "Fiorito, Joaquin"]
[Black "Kuchava, Ana"]
[WhiteFideId "180173"]
[BlackFideId "13605348"]
[WhiteElo "2157"]
[BlackElo "2001"]
[Result "1-0"]
[Round "01"]
[TimeControl "180+2"]
[Date "2023.05.23"]
[WhiteClock "0:00:29"]
[BlackClock "0:00:35"]

1. d4 d5 2. c4 e6 3. Nc3 Be7 4. Nf3 Nf6 5. Bf4 c5 6. e3 Nc6 7. dxc5 Bxc5 8. a3 Qa5 9. Nd2 Be7 10. Nb3 Qd8 11. cxd5 Nxd5 12. Nxd5 exd5 13. Bd3 Bf6 14. Qc2 d4 15. O-O h6 16. Rad1 O-O 17. exd4 Nxd4 18. Nxd4 Bxd4 19. Bh7+ Kh8 20. Be3 g6 21. Bxg6 fxg6 22. Bxd4+ Kh7 23. Bc5 Qc7 24. Qc3 Rf5 25. Bd4 Be6 26. Qxc7+ 1-0


[Site "https://www.chess.com"]

[Event "Titled Tuesday Blitz May 23 Early 2023"]
[White "Rosh Jain"]
[Black "Thecourseoisildur"]
[WhiteFideId "25789465"]
[WhiteElo "2233"]
[BlackElo "2586"]
[Result "0-1"]
[Round "01"]
[TimeControl "180+2"]
[Date "2023.05.23"]
[WhiteClock "0:00:08"]
[BlackClock "0:00:11"]

1. e4 c5 2. Nc3 Nc6 3. f4 g6 4. Nf3 Bg7 5. a4 e6 6. e5 d6 7. Bb5 d5 8. Bxc6+ bxc6 9. Ne2 Ba6 10. c3 Bd3 11. O-O Ne7 12. Ne1 c4 13. Nxd3 cxd3 14. Nd4 O-O 15. b3 c5 16. Nb5 a6 17. Nd6 Nc8 18. Nxc8 Rxc8 19. Ba3 Qb6 20. Kh1 Rfd8 21. b4 c4 22. a5 Qb5 23. Bb2 d4 24. cxd4 Qxb4 25. Bc3 Qb3 26. Qf3 Rb8 27. Qc6 Qb5 28. Qc7 Rd7 29. Qc5 Qxc5 30. dxc5 Bf8 31. c6 Rc7 32. Rab1 Rxb1 33. Rxb1 Rxc6 34. Rb8 Kg7 35. h4 h5 36. Kh2 Be7 37. Kg3 Rc7 38. Rb6 Ra7 39. Bd4 Bd8 40. Rd6 Ra8 41. Bc3 Bc7 42. Rc6 Ra7 43. Kf3 Rb7 44. g4 hxg4+ 45. Kxg4 Bd8 46. Rxa6 Rb1 47. Ra8 Be7 48. a6 Rb3 49. Rc8 Rxc3 50. dxc3 d2 51. Rd8 Bxd8 52. Kg3 d1=Q 53. a7 Qd3+ 54. Kg2 Qe4+ 55. Kg3 Qa8 56. Kg4 Qxa7 57. h5 Bc7 58. hxg6 Qb6 59. Kg3 Qc6 60. gxf7 Qd7 61. f8=Q+ Kxf8 62. f5 Bxe5+ 63. Kg4 exf5+ 64. Kg5 Qd3 65. Kh5 Qg3 66. Kh6 Bg7+ 67. Kh7 Bf6 68. Kh6 Qg5+ 69. Kh7 Qg7# 0-1


[Site "https://www.chess.com"]

[Event "Titled Tuesday Blitz May 23 Early 2023"]
[White "brm72"]
[Black "ChawitAp"]
[WhiteElo "2585"]
[BlackElo "2257"]
[Result "1-0"]
[Round "01"]
[TimeControl "180+2"]
[Date "2023.05.23"]
[WhiteClock "0:00:18"]
[BlackClock "0:00:00"]

1. d4 d5 2. c4 c6 3. Nf3 Nf6 4. g3 Bg4 5. Bg2 Nbd7 6. O-O e6 7. Qc2 Bf5 8. Qb3 Qb6 9. c5 Qc7 10. Bf4 Qc8 11. Nc3 Be7 12. Nd2 O-O 13. f3 e5 14. dxe5 Nxc5 15. Qd1 Nfd7 16. g4 Bg6 17. Bg3 f6 18. exf6 Nxf6 19. Nb3 Nxb3 20. Qxb3 Re8 21. Rac1 Bc5+ 22. Kh1 Be3 23. Rcd1 Kh8 24. h4 a5 25. h5 Bf7 26. Qc2 d4 27. Na4 Bd5 28. Nb6 Qe6 29. Nxa8 Rxa8 30. Kh2 a4 31. Bh3 Bxa2 32. g5 Qf7 33. gxf6 Qxh5 34. Qf5 Qxf5 35. Bxf5 gxf6 36. Kg2 Ra6 37. Rh1 h6 38. Bf2 1-0


[Site "https://www.chess.com"]

[Event "Titled Tuesday Blitz May 23 Early 2023"]
[White "James, Stuart"]
[Black "Miranda, Rafael"]
[WhiteFideId "7400489"]
[BlackFideId "130990"]
[WhiteElo "1950"]
[BlackElo "2204"]
[Result "0-1"]
[Round "01"]
[TimeControl "180+2"]
[Date "2023.05.23"]
[WhiteClock "0:00:02"]
[BlackClock "0:00:15"]

1. e4 e5 2. Nf3 Nc6 3. Bb5 g6 4. O-O Bg7 5. c3 Nge7 6. d4 exd4 7. cxd4 d5 8. e5 O-O 9. h3 Nf5 10. Nc3 a6 11. Ba4 b5 12. Bb3 Be6 13. Re1 Rb8 14. Bg5 Qd7 15. Rc1 Na5 16. Bc2 Nc4 17. b3 Na5 18. Qd2 Nc6 19. Bf6 Bh6 20. Bg5 Bxg5 21. Qxg5 Ncxd4 22. Nxd4 Nxd4 23. Bb1 Qd8 24. Qf4 c5 25. b4 cxb4 26. Qxd4 bxc3 27. Rxc3 Rc8 28. Rec1 Rxc3 29. Qxc3 Qg5 30. Re1 Rc8 31. Qb2 Bxh3 32. g3 Be6 33. Bd3 h5 34. Qb4 Kg7 35. Kg2 h4 36. Re3 h3+ 37. Kh2 Rc1 38. f4 Qg4 39. Be2 Rc2 40. Qe1 d4 41. Qd1 Rxe2+ 42. Rxe2 Bd5 43. Qxd4 Qxe2+ 44. Kxh3 Qh5# 0-1


[Site "https://www.chess.com"]

[Event "Titled Tuesday Blitz May 23 Early 2023"]
[White "Spitzl, Vinzent"]
[Black "Zaichenko, Daria"]
[WhiteFideId "12901253"]
[BlackFideId "4197453"]
[WhiteElo "2225"]
[BlackElo "2039"]
[Result "1-0"]
[Round "01"]
[TimeControl "180+2"]
[Date "2023.05.23"]
[WhiteClock "0:00:32"]
[BlackClock "0:00:00"]

1. e4 c5 2. Nf3 Nc6 3. d4 cxd4 4. Nxd4 Nf6 5. Nc3 d6 6. Bg5 Bd7 7. Qd2 a6 8. O-O-O e6 9. f3 Be7 10. h4 Qa5 11. Nxc6 Bxc6 12. Kb1 O-O-O 13. Nd5 Qxd2 14. Nxe7+ Kd7 15. Rxd2 Kxe7 16. Bd3 h6 17. Be3 Nd7 18. Rhd1 Ne5 19. Be2 d5 20. f4 Ng6 21. Bc5+ Kd7 22. exd5 exd5 23. Bb6 Rdf8 24. g3 Kc8 25. Bf3 Ne7 26. Bc5 Re8 27. Bxe7 Rxe7 28. Bxd5 Bxd5 29. Rxd5 Rhe8 30. b3 Re3 31. R5d3 Rxd3 32. Rxd3 Kc7 33. Kb2 Kc6 34. a4 Re1 35. a5 g6 36. b4 Kb5 37. Kc3 Re4 38. Rd5+ Kc6 39. Rc5+ Kd6 40. Kb3 Re3+ 41. Rc3 Re4 42. Rd3+ Kc6 43. c4 Re1 44. Kc3 Rc1+ 45. Kd4 Rb1 46. Kc3 Rc1+ 47. Kb3 Rb1+ 48. Ka3 Rc1 49. c5 Re1 50. Rd6+ Kc7 51. Rd3 Kc6 52. Kb3 Re4 53. Kc3 Kb5 54. Rd7 Ka4 55. Rxb7 Re3+ 56. Kd4 Rxg3 57. c6 1-0


[Site "https://www.chess.com"]

[Event "Titled Tuesday Blitz May 23 Early 2023"]
[White "Antonio, Jorge Carlos"]
[Black "robertoalejandro10"]
[WhiteFideId "113190"]
[WhiteElo "2247"]
[BlackElo "2580"]
[Result "1-0"]
[Round "01"]
[TimeControl "180+2"]
[Date "2023.05.23"]
[WhiteClock "0:00:45"]
[BlackClock "0:00:00"]

1. e4 c5 2. Nf3 g6 3. d4 cxd4 4. Nxd4 Bg7 5. c4 Nc6 6. Be3 Nf6 7. Nc3 Ng4 8. Qxg4 Nxd4 9. Qd1 Ne6 10. Be2 Bxc3+ 11. bxc3 b6 12. Qd5 Ba6 13. O-O Rc8 14. f4 Qc7 15. f5 Bb7 16. Qd2 Nc5 17. Bd4 Nxe4 18. Qh6 Nf6 19. Bxf6 exf6 20. Rad1 Be4 21. fxg6 fxg6 22. Qg7 Qc5+ 23. Kh1 1-0


[Site "https://www.chess.com"]

[Event "Titled Tuesday Blitz May 23 Early 2023"]
[White "Fishchuk, Vladyslav"]
[Black "Thiel, Thomas"]
[WhiteFideId "34122117"]
[BlackFideId "4615964"]
[WhiteElo "2082"]
[BlackElo "2244"]
[Result "1-0"]
[Round "01"]
[TimeControl "180+2"]
[Date "2023.05.23"]
[WhiteClock "0:00:33"]
[BlackClock "0:00:00"]

1. d4 Nf6 2. Nc3 d5 3. Bf4 g6 4. e3 Bg7 5. h4 h5 6. Nf3 c6 7. Ne5 Bf5 8. Bd3 Bxd3 9. Qxd3 Nbd7 10. f3 O-O 11. O-O-O Qa5 12. g4 Rfc8 13. Nxd7 Nxd7 14. gxh5 e5 15. dxe5 Nxe5 16. Bxe5 Bxe5 17. hxg6 Bxc3 18. gxf7+ Kf8 19. bxc3 Qa3+ 20. Kd2 Qe7 21. Rdg1 Qxf7 22. Rg4 Ke7 23. Rhg1 Rg8 24. Rxg8 Rxg8 25. Rxg8 Qxg8 26. Qf5 Qg2+ 27. Kd3 Qf1+ 28. Kd4 Kd6 29. Qf6+ Kc7 30. Ke5 Qe1 31. Kf4 Qd2 32. h5 Qh2+ 33. Kg5 Qg2+ 34. Kh6 Qxc2 35. Kg7 Qg2+ 36. Kf8 Qh3 37. h6 a5 38. Kg7 Qg3+ 39. Kh8 Qh3 40. h7 Kb6 41. Kg7 Qg3+ 42. Qg6 Qc7+ 43. Kf6 Qd6+ 44. Kf5 Qd7+ 45. Kg5 Qe7+ 46. Kh5 Qe5+ 47. Qg5 Qxc3 48. Kg6 1-0


[Site "https://www.chess.com"]

[Event "Titled Tuesday Blitz May 23 Early 2023"]
[White "Feinig, Mario"]
[Black "egorchess95"]
[WhiteFideId "1618113"]
[WhiteElo "2163"]
[BlackElo "2575"]
[Result "0-1"]
[Round "01"]
[TimeControl "180+2"]
[Date "2023.05.23"]
[WhiteClock "0:00:00"]
[BlackClock "0:00:25"]

1. e4 c5 2. Nc3 Nc6 3. g3 g6 4. Bg2 Bg7 5. d3 d6 6. Nh3 Nf6 7. O-O O-O 8. Ne2 d5 9. Nhf4 dxe4 10. dxe4 Bg4 11. h3 Bd7 12. c3 Rc8 13. Qc2 Ne5 14. c4 b5 15. b3 bxc4 16. Bb2 Ne8 17. bxc4 Nd6 18. Rad1 Ndxc4 19. Ba1 Nd6 20. Nd5 Nc6 21. Bxg7 Kxg7 22. Qc3+ f6 23. Qxc5 Ne5 24. Qxa7 Ra8 25. Qb6 Rxa2 26. Qxd8 Rxd8 27. Nd4 Re8 28. Nf4 Kf7 29. Ra1 Rea8 30. Rxa2 Rxa2 31. Rd1 Ba4 32. Rc1 Ndc4 33. Nd5 Rd2 34. Nf3 Nxf3+ 35. Bxf3 Ne5 36. Bg2 Bc2 37. f4 Nd3 38. Ra1 Bb3 39. Ne3 Re2 0-1


[Site "https://www.chess.com"]

[Event "Titled Tuesday Blitz May 23 Early 2023"]
[White "Gallego Alcaraz, Andres Felipe"]
[Black "Tsyhanchuk, Stanislav"]
[WhiteFideId "4402669"]
[BlackFideId "13505130"]
[WhiteElo "2380"]
[BlackElo "2173"]
[Result "0-1"]
[Round "01"]
[TimeControl "180+2"]
[Date "2023.05.23"]
[WhiteClock "0:00:00"]
[BlackClock "0:00:07"]

1. e4 c5 2. Nf3 d6 3. d4 cxd4 4. Nxd4 Nf6 5. Nc3 a6 6. h3 e5 7. Nde2 Be6 8. g4 b5 9. Bg2 Be7 10. Ng3 Nbd7 11. Be3 Nb6 12. b3 Rc8 13. Qd3 Qc7 14. Bd2 d5 15. g5 Nxe4 16. Ngxe4 dxe4 17. Bxe4 Rd8 18. Qe2 Bxg5 19. Bd3 Bxd2+ 20. Qxd2 O-O 21. Rg1 f5 22. f3 e4 23. fxe4 f4 24. O-O-O Qe5 25. Kb1 f3 26. Rg5 Qf4 27. Qxf4 Rxf4 28. Nd5 Nxd5 29. exd5 Bf7 30. c4 bxc4 31. bxc4 g6 32. Kc2 f2 33. Kd2 Be8 34. Rf1 Bd7 35. Ke3 Rdf8 36. Rg3 R4f6 37. c5 Re8+ 38. Kd2 Bb5 39. Bxb5 axb5 40. c6 Re5 41. Rd3 Rd6 42. c7 Re8 43. Rxf2 Rc8 44. Re2 Rxc7 45. Re6 Rxe6 46. dxe6 Re7 47. Rd6 Kg7 48. Rd7 Kf6 49. Rxe7 Kxe7 50. Kc3 g5 51. Kb4 h5 52. Kxb5 g4 53. a4 gxh3 0-1


[Site "https://www.chess.com"]

[Event "Titled Tuesday Blitz May 23 Early 2023"]
[White "Bashirli, Saadat"]
[Black "Shuvalov, Evgenij"]
[WhiteFideId "13429990"]
[BlackFideId "4187237"]
[WhiteElo "1408"]
[BlackElo "2080"]
[Result "1-0"]
[Round "01"]
[TimeControl "180+2"]
[Date "2023.05.23"]
[WhiteClock "0:00:21"]
[BlackClock "0:00:19"]

1. d4 Nf6 2. e3 c5 3. f4 d5 4. Nf3 Bg4 5. Be2 e6 6. Nbd2 Nc6 7. c3 Bd6 8. Ne5 Bxe2 9. Qxe2 O-O 10. O-O Ne7 11. b3 Qa5 12. Bb2 Rac8 13. a4 Rfd8 14. Rac1 a6 15. e4 cxd4 16. cxd4 Nxe4 17. Nxe4 dxe4 18. Nc4 Qc7 19. Qxe4 Bb4 20. Rfd1 Qc6 21. Qe2 Qe8 22. Ne5 Rxc1 23. Rxc1 Rc8 24. Rxc8 Qxc8 25. Qc4 Qxc4 26. bxc4 f6 27. Nd3 Ba5 28. Nc5 b5 29. axb5 axb5 30. cxb5 Kf7 31. Na4 Nd5 32. g3 Ke7 33. Kf2 Nb6 34. Nxb6 Bxb6 35. Ba3+ Kd7 36. Ke3 e5 37. Bc5 exd4+ 38. Bxd4 Ba5 39. Ke4 Ke6 40. h3 f5+ 41. Kd3 g6 42. Kc4 Be1 43. b6 Kd6 44. Kb5 Kd7 45. b7 Kc7 46. Ka6 Bxg3 47. Be5+ Kc6 48. b8=Q Kd5 49. Qd6+ Ke4 50. Qe7 Bxf4 51. Bxf4+ Kxf4 52. Qxh7 g5 53. Qh5 g4 54. hxg4 fxg4 55. Qh1 Kg3 56. Qg1+ Kf3 57. Kb5 1-0


[Site "https://www.chess.com"]

[Event "Titled Tuesday Blitz May 23 Early 2023"]
[White "Bayo Milagro, Alvaro"]
[Black "Martin, Lewis"]
[WhiteFideId "22275240"]
[BlackFideId "410551"]
[WhiteElo "2270"]
[BlackElo "2145"]
[Result "1-0"]
[Round "01"]
[TimeControl "180+2"]
[Date "2023.05.23"]
[WhiteClock "0:00:13"]
[BlackClock "0:00:04"]

1. e4 c5 2. Nf3 d6 3. Bb5+ Bd7 4. Bxd7+ Qxd7 5. O-O Nc6 6. Re1 Nf6 7. c3 e6 8. d3 Be7 9. Nbd2 O-O 10. d4 cxd4 11. cxd4 Rac8 12. a3 Rfd8 13. b4 a6 14. Bb2 Bf8 15. Rc1 Ne7 16. Qe2 Ng6 17. g3 Rxc1 18. Rxc1 Rc8 19. Rxc8 Qxc8 20. Qd3 Qc7 21. Kg2 a5 22. b5 b6 23. Ne1 h6 24. Nc2 Qb7 25. f3 Nd7 26. Qc3 Ne7 27. Nc4 Qc7 28. N4e3 Qxc3 29. Bxc3 g6 30. a4 Bg7 31. Na3 d5 32. e5 Bf8 33. Nac2 Nf5 34. Nd1 h5 35. Nf2 Bh6 36. f4 g5 37. Kf3 Nf8 38. Bd2 gxf4 39. Bxf4 Bxf4 40. Kxf4 Nh7 41. Nd3 Kg7 42. Nc5 Nf8 43. Nb7 Kg6 44. h3 Nd7 45. g4 hxg4 46. hxg4 Nh4 47. Ne3 f6 48. exf6 Kxf6 49. g5+ Ke7 50. Ng4 Ng6+ 51. Ke3 Ndf8 52. Nf6 Nd7 53. Ng4 Ndf8 54. Ne5 Nh4 55. Kf2 Nf5 56. g6 Kf6 57. Nd6 Nxd4 58. Ne8+ Ke7 59. g7 Kxe8 60. g8=Q Nf5 61. Qf7+ Kd8 62. Qxf8+ Kc7 63. Qf7+ 1-0


[Site "https://www.chess.com"]

[Event "Titled Tuesday Blitz May 23 Early 2023"]
[White "Coelho, Ramyres Santana"]
[Black "Demin, Vladimir"]
[WhiteFideId "2120690"]
[BlackFideId "4167457"]
[WhiteElo "1888"]
[BlackElo "2566"]
[Result "0-1"]
[Round "01"]
[TimeControl "180+2"]
[Date "2023.05.23"]
[WhiteClock "0:00:00"]
[BlackClock "0:00:28"]

1. e4 e5 2. Nf3 Nc6 3. d4 exd4 4. Bc4 Bc5 5. c3 Nf6 6. e5 d5 7. Bb5 Ne4 8. cxd4 Bb6 9. h3 O-O 10. O-O h6 11. Nc3 Ne7 12. Bd3 Bf5 13. a4 c6 14. Be3 f6 15. exf6 Rxf6 16. Nh4 Bh7 17. Nxe4 dxe4 18. Bc4+ Kh8 19. g4 Rf8 20. g5 Nd5 21. Bxd5 cxd5 22. Qh5 Bc7 23. gxh6 Qd6 24. hxg7+ Kxg7 25. Qe5+ Qxe5 26. dxe5 Bxe5 27. Kh1 Kh8 28. Rg1 Rg8 29. Rad1 Rxg1+ 30. Kxg1 Rd8 31. Bd4 Bxd4 32. Rxd4 Kg7 33. Ng2 Kf6 34. Ne3 Ke5 35. Rd2 d4 36. Ng4+ Kf4 37. Rd1 Bf5 38. Nh6 Be6 39. Ng4 Bxg4 40. hxg4 Kxg4 41. Rc1 d3 42. Kf1 d2 43. Rd1 Kf3 44. b4 Rh8 45. Kg1 Ke2 46. Ra1 Rg8+ 0-1


[Site "https://www.chess.com"]

[Event "Titled Tuesday Blitz May 23 Early 2023"]
[White "Hindermann, Felix"]
[Black "agvania123"]
[WhiteFideId "1305212"]
[WhiteElo "2206"]
[BlackElo "2234"]
[Result "1/2-1/2"]
[Round "01"]
[TimeControl "180+2"]
[Date "2023.05.23"]
[WhiteClock "0:01:31"]
[BlackClock "0:00:44"]

1. e4 d5 2. exd5 Qxd5 3. Nf3 Nf6 4. d4 Bg4 5. Be2 e6 6. c4 Qd8 7. h3 Bh5 8. Nc3 c6 9. Qb3 Qb6 10. c5 Qxb3 11. axb3 Be7 12. b4 O-O 13. b5 cxb5 14. Nxb5 Nc6 15. Be3 a6 16. Nc3 Rfd8 17. Ra4 Nd5 18. Nxd5 Rxd5 19. O-O Rd7 20. b4 Rad8 21. Rb1 Bxf3 22. Bxf3 Nxd4 23. Bxd4 Rxd4 24. Bxb7 Bxc5 25. Bxa6 Rb8 26. Rc1 Bxb4 27. Rb1 g6 28. Bf1 Rb6 29. g3 Bc5 30. Rxb6 Bxb6 31. Rxd4 Bxd4 32. Kg2 Kg7 33. h4 Kf6 34. Bd3 h5 35. Kf3 Ke5 36. Bb5 f5 37. Be8 Kf6 38. Ke2 g5 39. Bxh5 gxh4 40. gxh4 e5 41. Be8 Bc5 42. Kf3 e4+ 43. Kg3 f4+ 44. Kxf4 Bxf2 45. Kxe4 Bxh4 1/2-1/2


[Site "https://www.chess.com"]

[Event "Titled Tuesday Blitz May 23 Early 2023"]
[White "Aanna12"]
[Black "Spata, German"]
[BlackFideId "113026"]
[WhiteElo "2223"]
[BlackElo "2260"]
[Result "0-1"]
[Round "01"]
[TimeControl "180+2"]
[Date "2023.05.23"]
[WhiteClock "0:00:00"]
[BlackClock "0:00:16"]

1. e4 e6 2. d4 d5 3. e5 Qd7 4. Nf3 b6 5. c3 Ne7 6. Bd3 Ba6 7. Bxa6 Nxa6 8. O-O c5 9. Nbd2 Ng6 10. g3 Be7 11. h4 O-O 12. Re1 cxd4 13. Nxd4 Bc5 14. h5 Ne7 15. N2f3 h6 16. b4 Bxd4 17. Nxd4 Nc7 18. a4 Nc6 19. Bf4 Nxd4 20. cxd4 Na6 21. Qb3 Rfc8 22. Rec1 b5 23. Bd2 Rc4 24. Rxc4 dxc4 25. Qc3 Rc8 26. axb5 Qxb5 27. Ra5 Qb6 28. b5 Nb8 29. Be3 Qb7 30. Qa3 c3 31. Rxa7 Qxb5 32. Qe7 Rf8 33. Rc7 Qd3 34. Qc5 Na6 35. Qxc3 Qd1+ 36. Kg2 Nxc7 37. Qxc7 Qxh5 38. Bd2 Qf5 39. Bc3 Qe4+ 40. Kh2 Qd5 41. Qd6 Qxd6 42. exd6 Rd8 43. Bb4 f6 44. Kg2 Kf7 45. Kf3 Ke8 46. Ke4 Kd7 47. f4 f5+ 48. Ke5 Rb8 49. Bc5 Rb2 50. d5 Re2+ 0-1


[Site "https://www.chess.com"]

[Event "Titled Tuesday Blitz May 23 Early 2023"]
[White "Danielyan, Vahe"]
[Black "Antonova, Nadezhda"]
[WhiteFideId "13304828"]
[BlackFideId "14700182"]
[WhiteElo "2423"]
[BlackElo "1799"]
[Result "1-0"]
[Round "01"]
[TimeControl "180+2"]
[Date "2023.05.23"]
[WhiteClock "0:02:09"]
[BlackClock "0:02:01"]

1. e4 c6 2. d4 d5 3. e5 Bf5 4. h4 h5 5. Bd3 Bxd3 6. Qxd3 e6 7. Bg5 Qb6 8. Nd2 c5 9. c4 dxc4 10. Nxc4 Qc6 11. Nf3 b5 12. dxc5 f6 13. Qg6+ Ke7 14. Nd6 fxg5 15. Qf7+ Kd8 16. Qxf8+ Kc7 17. Qc8# 1-0


[Site "https://www.chess.com"]

[Event "Titled Tuesday Blitz May 23 Early 2023"]
[White "rionelG"]
[Black "Melian, Juan Sebastian"]
[BlackFideId "3706575"]
[WhiteElo "2205"]
[BlackElo "2092"]
[Result "0-1"]
[Round "01"]
[TimeControl "180+2"]
[Date "2023.05.23"]
[WhiteClock "0:00:21"]
[BlackClock "0:01:27"]

1. e4 c5 2. g3 e6 3. d3 Nf6 4. Bg2 d5 5. Nd2 Nc6 6. Ngf3 g6 7. O-O Bg7 8. Re1 O-O 9. c3 b6 10. Qc2 a5 11. a4 Ba6 12. e5 Nd7 13. d4 cxd4 14. cxd4 Rc8 15. Qb3 Nb4 16. Rb1 Bd3 17. Ra1 Bc2 18. Qa3 Bf5 0-1


[Site "https://www.chess.com"]

[Event "Titled Tuesday Blitz May 23 Early 2023"]
[White "Toncheva, Nadya"]
[Black "Floresvillar Gonzalez, Luis Migu"]
[WhiteFideId "2924056"]
[BlackFideId "5100542"]
[WhiteElo "2101"]
[BlackElo "2040"]
[Result "1-0"]
[Round "01"]
[TimeControl "180+2"]
[Date "2023.05.23"]
[WhiteClock "0:02:00"]
[BlackClock "0:01:08"]

1. e4 d6 2. d4 Nf6 3. Nc3 g6 4. Be3 Bg7 5. f3 Nbd7 6. Qd2 c5 7. O-O-O cxd4 8. Bxd4 O-O 9. h4 h5 10. Kb1 a6 11. g4 hxg4 12. h5 gxh5 13. fxg4 Ne5 14. Bxe5 Bxg4 15. Bxf6 Bxf6 16. Be2 Bxc3 17. Qxc3 e5 18. Bxg4 hxg4 19. Nf3 f5 20. Nxe5 Qf6 21. Qb3+ Kg7 22. Qxb7+ 1-0


[Site "https://www.chess.com"]